 Dungeon Crawl Stone Soup version 0.28.0-53-g5a82cb258f (webtiles) character file.

Game seed: 1184731320709866256

16303 inmateoo the Thaumaturge (level 12, 0/86 HPs)
             Began as a Mummy Fire Elementalist on July 10, 2022.
             Was an Elder of Vehumet.
             Slain by a minotaur
             ... wielding the +9 whip of Broken Luck {pain, Drain rPois Str+6}
              (8 damage)
             ... in a Gauntlet.
             The game lasted 00:28:39 (17572 turns).

inmateoo the Thaumaturge (Mummy Fire Elementalist) Turns: 17572, Time: 00:28:40

Health: 0/86       AC:  8    Str: 12    XL:     12   Next: 8%
Magic:  19/29      EV: 12    Int: 18    God:    Vehumet [****..]
Gold:   591        SH:  5    Dex: 16    Spells: 27/37 levels left

rFire   . . .      SeeInvis .   A - staff of conjuration
rCold   . . .      Faith    .   x - +0 buckler
rNeg    + + +      Spirit   .   p - +0 acid dragon scales
rPois   ∞          Reflect  .   (no helmet)
rElec   +          Harm     .   m - +0 cloak
rCorr   +          Rampage  .   (no gloves)
Will    +++++      NoTele   +   k - +0 pair of boots
Stlth   +++.......              a - amulet of the Air {Inacc Air Fly rElec RMsl}
HPRegen 0.24/turn               E - ring "Hus Cud" {Wiz Contam Will++}
MPRegen 0.21/turn               D - ring "Mamasadd" {Fire Will+++ Dex+3}

@: flying, repel missiles
A: cold resistance 1, negative energy resistance 3, torment resistance 2, heat
vulnerability 1, no potions
a: Renounce Religion


You were in a Gauntlet.
You worshipped Vehumet.
Vehumet was greatly pleased with you.
You visited 1 branch of the dungeon, and saw 11 of its levels.
You also visited: Ossuary, Bailey and Gauntlet.

You collected 591 gold pieces.

Inventory:

Hand Weapons
 j - a +3 trident of freezing
Missiles
 e - 14 poisoned darts (quivered)
 t - a throwing net
Armour
 k - a +0 pair of boots (worn)
 m - a +0 cloak (worn)
 p - +0 acid dragon scales (worn)
 x - a +0 buckler (worn)
Magical Staves
 A - a staff of conjuration (weapon)
Jewellery
 a - the amulet of the Air (around neck) {Inacc Air Fly rElec RMsl}
   (You found it in a bailey)

   [amulet of nothing]

   It reduces the accuracy of all your attacks.
   It enhances your air magic.
   rElec:     It insulates you from electricity.
   Fly:       It grants you flight.
   RMsl:      It protects you from missiles.
 b - a +4 ring of protection
 l - a +6 ring of strength
 B - a ring of protection from cold
 C - a +6 ring of intelligence
 D - the ring "Mamasadd" (right hand) {Fire Will+++ Dex+3}
   (You found it in a Gauntlet)

   [ring of fire]

   It enhances your fire magic.
   Dex:       It affects your dexterity (+3).
   rF:        It protects you from fire.
   rC:        It makes you vulnerable to cold.
   Will:      It greatly increases your willpower.
 E - the ring "Hus Cud" (left hand) {Wiz Contam Will++}
   (You found it in a Gauntlet)

   [ring of wizardry]

   It improves your spell success rate.
   Contam:    It causes magical contamination when unequipped.
   Will:      It greatly increases your willpower.
Wands
 c - a wand of charming (3)
 h - a wand of digging (9)
 o - a wand of flame (11)
 s - a wand of iceblast (16)
 u - a wand of mindburst (8)
 v - a wand of paralysis (7)
 y - a wand of polymorph (1)
Scrolls
 d - 5 scrolls of enchant armour
 f - a scroll of enchant weapon
 g - 2 scrolls of magic mapping
 i - 3 scrolls of brand weapon
 n - 3 scrolls of fear
 q - a scroll of torment
 r - a scroll of teleportation
 w - 2 scrolls of amnesia
 z - a scroll of summoning {unknown}


   Skills:
 - Level 5.0 Fighting
 - Level 4.0 Dodging
 - Level 5.0 Stealth
 - Level 4.0 Shields
 + Level 13.2 Spellcasting
 - Level 6.0 Conjurations
 - Level 10.0 Fire Magic


You had 27 spell levels left.
You knew the following spells:

 Your Spells              Type           Power      Damage    Failure   Level
a - Foxfire               Conj/Fire      100%       2x1d9     1%          1
b - Scorch                Fire           100%       2d10      1%          2
c - Conjure Flame         Conj/Fire      75%        6-21      1%          3
d - Flame Wave            Conj/Fire      75%        2d13      1%          4

Your spell library contained the following spells:

 Spells                   Type           Power      Damage    Failure   Level
 Yara's Violent Unravell  Hex/Tmut       5%         3d4       30%         5
 Shock                    Conj/Air       100%       1d9       1%          1
 Inner Flame              Hex/Fire       44%        N/A       1%          3
 Animate Skeleton         Necr           22%        N/A       4%          1
 Pain                     Necr           44%        1d6       4%          1
 Slow                     Hex            44%        N/A       4%          1
 Airstrike                Air            8%         N/A       13%         4
 Confusing Touch          Hex            11%        N/A       14%         3
 Swiftness                Air            17%        N/A       14%         3
 Vampiric Draining        Necr           11%        2d6       14%         3


Dungeon Overview and Level Annotations

Branches:
Dungeon (11/15)            Temple (0/1) D:6            Lair (0/6) D:11
    Orc (0/2) D:11        Ossuary (visited)          Bailey (visited)
Gauntlet (1/1)

Altars:
Cheibriados
Elyvilon
Gozag
Hepliaklqana
Okawaru
Qazlal
Ru
Sif Muna
Uskayaw
Vehumet
Xom
Zin
The Shining One
Lugonu

Shops:
D:3 [   D:9 !

Portals:
Abyss: D:11

Annotations:
D:9 Gastronok Gauntlet 8 transporters


Innate Abilities, Weirdness & Mutations

You are immune to poison.
Your flesh is cold resistant. (rC+)
You are immune to negative energy. (rN+++)
You are immune to unholy pain and torment.
You are vulnerable to heat. (rF-)
You do not drink.


Message History

Press: ? - help, Shift-Dir - straight line, f - minotaur
Aim: a minotaur, wielding the +9 whip of Broken Luck {pain, Drain rPois Str+6}, wearing a +0 plate armour and quivering silver javelins (chance to affect: 1%)
Okay, then.
Casting: Scorch (safe; 1% risk of failure)
Confirm with . or Enter, or press ? or * to list all spells.
Okay, then.
Okay, then.
Casting: Scorch (safe; 1% risk of failure)
Confirm with . or Enter, or press ? or * to list all spells.
Okay, then.
The minotaur throws a silver javelin.
The silver javelin barely misses you.
There is an open door here.
Casting: Scorch (safe; 1% risk of failure)
Confirm with . or Enter, or press ? or * to list all spells.
You feel a strong surge of power!
The fire begins to smoulder!
The minotaur smothers the flame.
Casting: Conjure Flame (safe; 1% risk of failure)
Confirm with . or Enter, or press ? or * to list all spells.
Casting: Flame Wave (mildly dangerous; 1% risk of failure)
Press: ? - help, Dir - look around, f - activate You feel a strong surge of power!
A wave of flame ripples out!
The flame wave engulfs the minotaur!
The minotaur is lightly wounded. (Press . to intensify the flame waves.)
The minotaur hits you with the +9 whip of Broken Luck {pain, Drain rPois Str+6}!
The minotaur gores you.
Casting: Flame Wave (mildly dangerous; 1% risk of failure)
Confirm with . or Enter, or press ? or * to list all spells.
You feel a surge of power!
Flames lash the minotaur but do no damage.
The minotaur hits you with the +9 whip of Broken Luck {pain, Drain rPois Str+6}!!
The minotaur gores you!
Casting: Scorch (safe; 1% risk of failure)
Confirm with . or Enter, or press ? or * to list all spells.
You feel a surge of power!
Flames lash the minotaur but do no damage.
The minotaur hits you with the +9 whip of Broken Luck {pain, Drain rPois Str+6}!!
* * * LOW HITPOINT WARNING * * *
The minotaur gores you!
You die...

### .. #∩# .#
#.##.# . #.#.. #.
#.#.#
.##.###H#.##.###
.......@.......#
##.##.##.##.##.
##.##.##.##.##.
...............#
#.##.##.##.##.##
###.##.##.##.##.###
.................#
#.♣.♣.©.©.©.©.♣.♣.#
.................#


You could see a minotaur.

Vanquished Creatures
  A boulder beetle (D:9)
  Harold (D:7)
  4 two-headed ogres
  A death drake (Gauntlet)
  Pikel (D:7)
  A necromancer (Gauntlet)
  A spectral centaur (Gauntlet)
  Maurice (D:10)
  An ice statue (Gauntlet)
  A cane toad (D:10)
  Maggie (D:7)
  A gargoyle (D:6)
  2 rime drakes (Gauntlet)
  2 komodo dragons
  2 trolls
  A wraith (D:6)
  2 shadows
  4 wyverns
  A golden eye (shapeshifter) (D:11)
  A steam dragon (D:3)
  An acid dragon (D:5)
  3 water moccasins (D:5)
  11 orc warriors
  A sky beast (D:5)
  A hornet zombie (D:8)
  An ice beast (D:7)
  8 wolves
  2 ogres
  16 centaurs
  3 phantoms
  5 bullfrogs
  4 scorpions
  2 water moccasin skeletons
  3 killer bees (D:8)
  4 wights
  3 howler monkeys
  3 centaur zombies
  Crazy Yiuf (D:4)
  6 orc priests
  3 hounds
  A jelly (D:6)
  A centaur skeleton (D:6)
  4 iguanas
  10 orc wizards
  Natasha (thrice) (D:2)
  A hound zombie (D:5)
  A hound skeleton (D:5)
  A mummy (D:4)
  A howler monkey zombie (D:11)
  4 river rats (D:10)
  4 adders
  A howler monkey skeleton (D:4)
  A shadow imp (D:5)
  2 ufetubi
  An adder skeleton (D:4)
  4 worms
  A dart slug (D:5)
  42 orcs
  6 bats
  5 endoplasms
  2 giant cockroaches
  14 goblins
  5 hobgoblins
  A jackal (D:2)
  8 kobolds
  2 quokkas
  2 ball pythons
  2 frilled lizards
  13 rats
  A lurking horror (D:11)
255 creatures vanquished.

Vanquished Creatures (others)
  312 foxfires
  5 fungi
  26 plants
343 creatures vanquished.

Grand Total: 598 creatures vanquished

Notes
Turn   | Place    | Note
-------+----------+-------------------------------------------
     0 | D:1      | inmateoo the Mummy Fire Elementalist began the quest for
                  | the Orb.
     0 | D:1      | Reached XP level 1. HP: 13/13 MP: 4/4
   201 | D:1      | Reached XP level 2. HP: 20/20 MP: 2/5
   205 | D:1      | Learned a level 2 spell: Scorch
   212 | D:1      | Reached skill level 1 in Conjurations
   371 | D:1      | Found a faded altar of an unknown god.
  1002 | D:1      | Reached skill level 3 in Spellcasting
  1113 | D:2      | Reached XP level 3. HP: 11/25 MP: 2/7
  1381 | D:2      | Reached skill level 1 in Fighting
  1428 | D:2      | Found a sacrificial altar of Ru.
  1698 | D:2      | Noticed Natasha
  1707 | D:2      | Killed Natasha
  1708 | D:2      | Reached XP level 4. HP: 20/32 MP: 0/9
  1834 | D:2      | Noticed Natasha
  1850 | D:2      | Killed Natasha
  2359 | D:2      | Noticed Natasha
  2364 | D:2      | Killed Natasha
  2365 | D:2      | Reached XP level 5. HP: 25/38 MP: 5/10
  2415 | D:2      | Learned a level 3 spell: Conjure Flame
  2518 | D:3      | Found a radiant altar of Vehumet.
  2518 | D:3      | Noticed a steam dragon
  2651 | D:3      | Killed a steam dragon
  2652 | D:3      | Reached skill level 4 in Spellcasting
  2652 | D:3      | Reached XP level 6. HP: 43/45 MP: 2/12
  2663 | D:3      | Became a worshipper of Vehumet
  2957 | D:3      | Found Faewuoqu's Armour Emporium.
  3425 | D:4      | Found a sand-covered staircase.
  3472 | Ossuary  | Entered an ossuary
  4131 | D:4      | Found a stormy altar of Qazlal.
  4139 | D:4      | Found a hazy altar of Hepliaklqana.
  4278 | D:4      | Found a runed translucent door.
  4279 | D:4      | Noticed Crazy Yiuf
  4546 | D:4      | Killed Crazy Yiuf
  4659 | D:5      | Entered Level 5 of the Dungeon
  4728 | D:5      | Noticed a sky beast
  4738 | D:5      | Reached XP level 7. HP: 52/52 MP: 6/13
  5155 | D:5      | Reached skill level 5 in Fire Magic
  5223 | D:5      | Reached * piety under Vehumet
  5223 | D:5      | Offered knowledge of Freeze by Vehumet.
  5459 | D:5      | Reached XP level 8. HP: 60/60 MP: 3/14
  6367 | D:4      | Found a snail-covered altar of Cheibriados.
  6477 | D:6      | Noticed a gargoyle
  7065 | D:6      | Reached skill level 5 in Spellcasting
  7214 | D:6      | Found a staircase to the Ecumenical Temple.
  7472 | D:6      | Killed a gargoyle
  7473 | D:6      | Reached skill level 5 in Fighting
  7473 | D:6      | Reached XP level 9. HP: 46/68 MP: 3/16
  8239 | D:7      | Found a shimmering altar of Xom.
  8286 | D:7      | Noticed Harold
  8300 | D:7      | Killed Harold
  8301 | D:7      | Reached skill level 6 in Spellcasting
  8573 | D:7      | Noticed Maggie
  8667 | D:7      | Killed Maggie
  8668 | D:7      | Reached skill level 5 in Stealth
  8668 | D:7      | Reached skill level 5 in Conjurations
  8837 | D:7      | Found a flagged portal.
  8843 | Bailey   | Entered a bailey
  8864 | Bailey   | Reached ** piety under Vehumet
  8905 | Bailey   | Offered knowledge of Shock by Vehumet.
  9190 | Bailey   | Reached skill level 7 in Spellcasting
  9466 | Bailey   | Reached XP level 10. HP: 74/74 MP: 11/20
  9632 | Bailey   | Found the amulet of the Air {Inacc Air Fly rElec RMsl}
 10077 | Bailey   | Offered knowledge of Searing Ray by Vehumet.
 10634 | Bailey   | Reached skill level 8 in Spellcasting
 11628 | D:7      | Noticed Pikel
 11645 | D:7      | Killed Pikel
 11866 | D:7      | Found a sacrificial altar of Ru.
 12301 | D:8      | Noticed a two-headed ogre
 12372 | D:8      | Reached skill level 9 in Spellcasting
 12495 | D:8      | Found an opulent altar of Gozag.
 12526 | D:8      | Reached *** piety under Vehumet
 12886 | D:8      | Learned a level 4 spell: Flame Wave
 13106 | D:8      | Killed a two-headed ogre
 13107 | D:8      | Reached skill level 1 in Shields
 13125 | D:8      | Offered knowledge of Iskenderun's Mystic Blast by Vehumet.
 13450 | D:9      | Found an iron altar of Okawaru.
 13531 | D:9      | Noticed a two-headed ogre
 13534 | D:9      | Noticed a boulder beetle
 13538 | D:9      | Killed a two-headed ogre
 13539 | D:9      | Reached skill level 10 in Spellcasting
 13539 | D:9      | Reached XP level 11. HP: 79/79 MP: 18/25
 13559 | D:9      | Killed a boulder beetle
 14072 | D:9      | Found Siar's Distillery.
 14130 | D:9      | Noticed Gastronok
 14169 | D:10     | Entered Level 10 of the Dungeon
 14464 | D:10     | Noticed a two-headed ogre
 14470 | D:10     | Killed a two-headed ogre
 14583 | D:10     | Found a hide-covered altar of Uskayaw.
 14682 | D:10     | Noticed Maurice
 14705 | D:10     | Killed Maurice
 15633 | D:10     | Found a shimmering blue altar of Sif Muna.
 15647 | D:10     | Reached **** piety under Vehumet
 15965 | D:11     | Reached skill level 11 in Spellcasting
 16158 | D:11     | Noticed a two-headed ogre
 16164 | D:11     | Killed a two-headed ogre
 16188 | D:11     | Found a one-way gate to the infinite horrors of the Abyss.
 16189 | D:11     | Found a corrupted altar of Lugonu.
 16257 | D:11     | Found a gate leading to a gauntlet.
 16265 | Gauntlet | Entered a Gauntlet
 16265 | Gauntlet | Found a transporter.
 16503 | Gauntlet | Found a transporter.
 16505 | Gauntlet | Found a transporter.
 16516 | Gauntlet | Found a transporter.
 16519 | Gauntlet | Found a transporter.
 16527 | Gauntlet | Found a transporter.
 16548 | Gauntlet | Found a transporter.
 16558 | Gauntlet | Found a transporter.
 16568 | Gauntlet | Found a transporter.
 16570 | Gauntlet | Noticed a death drake
 16587 | Gauntlet | Found a transporter.
 16599 | Gauntlet | Noticed a necromancer
 16601 | Gauntlet | Found a transporter.
 16603 | Gauntlet | Found a transporter.
 16652 | Gauntlet | Found a transporter.
 16669 | Gauntlet | Found a transporter.
 16766 | Gauntlet | Reached skill level 10 in Fire Magic
 17227 | Gauntlet | Reached skill level 12 in Spellcasting
 17382 | Gauntlet | Offered knowledge of Yara's Violent Unravelling by Vehumet.
 17386 | Gauntlet | Killed a necromancer
 17395 | Gauntlet | Identified the ring "Mamasadd" {Fire Will+++ Dex+3}
 17445 | Gauntlet | Reached XP level 12. HP: 71/86 MP: 16/28
 17448 | Gauntlet | Reached skill level 13 in Spellcasting
 17525 | Gauntlet | Identified the ring "Hus Cud" {Wiz Contam Will++}
 17566 | Gauntlet | Identified the +9 whip of Broken Luck {pain, Drain rPois
                  | Str+6}
 17566 | Gauntlet | Noticed a minotaur
 17572 | Gauntlet | Slain by a minotaur

Illustrated notes

Levels and vault maps discovered:
D:1:      dpeg_arrival_simpleton_b, layout_loops_ring,
          shapermc_ecumenical_altar_notcrosses, minmay_door_square,
          serial_bayou_pond_b, st_stairs_13
D:2:      layout_basic, basic_altar, minmay_tetromino_i2, uniq_natasha
D:3:      layout_rooms, vehumet_crystals, tso_metal_star, serial_shops, shop,
          minmay_misc_feat_enclosed, kennysheep_generic_room_13
D:4:      layout_basic, overflow_temple_1_default,
          mainiacjoe_overflow_catwalk_spiral, gup_ossuary_entry_pyramid,
          minmay_diced_spiral, uniq_crazy_yiuf_cottage
D:5:      layout_basic
D:6:      layout_layer_cave, minmay_temple_entry_hall
D:7:      layout_basic, mainiacjoe_overflow_catwalk,
          mainiacjoe_overflow_two_lobes, enter_bailey_3, uniq_pikel,
          uniq_harold, uniq_maggie
D:8:      layout_basic, gammafunk_temple_overflow_elements
D:9:      layout_cave_pools, okawaru_ov_weapons_minmay, serial_shops,
          kennysheep_mini, uniq_gastronok
D:10:     hellmonk_destroyed_diamonds, layout_loops_corners,
          amcnicky_altar_gilded, kennysheep_orc_sif_temple, pond, uniq_maurice
D:11:     layout_loops_ring, minmay_lair_entry_grove,
          kennysheep_orc_monster_closet_entryway, gauntlet_entry_generic,
          grunt_livestock, kennysheep_small_spiral, wad_floor_pattern_untrapped,
          amcnicky_altar_lugonu_corruption
Gauntlet: minmay_gauntlet_77_tree [minmay_gauntlet_arena_77_block_sizes,
          minmay_gauntlet_arena_77_braids,
          minmay_gauntlet_arena_77_terracotta_army,
          minmay_gauntlet_arena_77_chump_sandwich,
          minmay_gauntlet_arena_77_tiled_triplets,
          minmay_gauntlet_arena_77_mess, minmay_gauntlet_arena_77_two_paths,
          gauntlet_exit_green]

Skill      XL: |  1  2  3  4  5  6  7  8  9 10 11 12 |
---------------+-------------------------------------+-----
Conjurations   | 1 2 3 5 6 |  6.0
Spellcasting   | 3 4 5 7 10 12 13 | 13.2
Fighting       | 1 2 3 4 5 |  5.0
Dodging        | 2 3 4 |  4.0
Stealth        | 2 3 4 5 |  5.0
Fire Magic     | 3 6 7 8 10 | 10.0
Shields        | 1 4 |  4.0

Action                   |  1- 3 |  4- 6 |  7- 9 | 10-12 || total
-------------------------+-------+-------+-------+-------++-------
Melee: Whip              |    14 |     2 |       |       ||    16
       Short sword       |     1 |       |       |       ||     1
       Punch             |     1 |     1 |       |       ||     2
       Dagger            |       |    39 |     7 |       ||    46
       Trident           |       |       |    10 |    33 ||    43
       Staff             |       |       |       |     3 ||     3
Throw: Dart              |       |       |     7 |    13 ||    20
 Cast: Foxfire           |    57 |    30 |    60 |    49 ||   196
       Scorch            |     8 |    42 |   144 |   260 ||   454
       Conjure Flame     |       |       |     2 |     6 ||     8
       Flame Wave        |       |       |       |     8 ||     8
  Use: Scroll            |     2 |     3 |     5 |     5 ||    15
 Stab: Sleeping          |     1 |       |       |       ||     1
Armor: Robe              |    12 |    16 |    29 |       ||    57
       Acid dragon scale |       |       |     5 |    93 ||    98
Dodge: Dodged            |    28 |    26 |    63 |   123 ||   240
Block: Buckler           |       |       |       |    26 ||    26
